Workbook
Name \0: #REF!
Name \0: #REF!
Name _____PJ50: #REF!
Name _____PJ50: #REF!
Name _____PJ50: #REF!
Name _____pj51: #REF!
Name _____pj51: #REF!
Name _____pj51: #REF!
Name ____PJ50: #REF!
Name ____PJ50: #REF!
Name ____PJ50: #REF!
Name ____pj51: #REF!
Name ____pj51: #REF!
Name ____pj51: #REF!
Name ___PJ50: #REF!
Name ___PJ50: #REF!
Name ___PJ50: #REF!
Name ___pj51: #REF!
Name ___pj51: #REF!
Name ___pj51: #REF!
Name __PJ50: #REF!
Name __PJ50: #REF!
Name __PJ50: #REF!
Name __pj51: #REF!
Name __pj51: #REF!
Name __pj51: #REF!
Name _1: #REF!
Name _1: #REF!
Name _2: #REF!
Name _2: #REF!
Name _APU221: #REF!
Name _APU221: #REF!
Name _APU221: #REF!
Name _APU465: [1]!absc
Name _APU465: [1]!absc
Name _APU465: [1]!absc
Name _cia1: #REF!
Name _cia1: #REF!
Name _PJ50: #REF!
Name _PJ50: #REF!
Name _PJ50: #REF!
Name _pj51: #REF!
Name _pj51: #REF!
Name _pj51: #REF!
Name A: #REF!
Name A: #REF!
Name A: #REF!
Name A_impresión_IM: #REF!
Name A_impresión_IM: #REF!
Name A_impresión_IM: #REF!
Name absc: #N/A
Name adoq: [2]!absc
Name adoq: [2]!absc
Name adoq: [2]!absc
Name alc: [3]!absc
Name alc: [3]!absc
Name alc: [3]!absc
Name AÑOWUIE: '[4]Res-Accide-10'!$R$2:$R$7
Name APU: [5]!absc
Name APU: [5]!absc

Sheet PRE MOD I
B1: SISTEMA NO CONVENCIONAL DE CAPTACIÓN Y POTABILIZACIÓN DE AGUA LLUVIA PARA CONSUMO
B2: PRESUPUESTO CASETA POTABILIZACION
B3: ITEM | C3: DESCRIPCION | D3: UND | E3: CANT. | F3: VALOR UNITARIO | G3: VALOR TOTAL
B5: 1 | C5: CASETA RECOLECCIÓN Y POTABILIZACIÓN AGUAS LLUVIAS
B7: 1.1 | C7: PRELIMINARES
B8: 1.1.0 | C8: Implantacio y Apropiacion de diseños con ajuste del sistema de tratamiento | D8: UN | E8: 1
B9: 1.1.1 | C9: Localización y replanteo | D9: M2 | E9: =+E30 -> 360
B10: 1.1.2 | C10: Descapote y nivelación | D10: M2 | E10: =+E9 -> 360
B11: 1.2 | C11: EXCAVACIONES Y RELLENOS
B12: 1.2.1 | C12: Excavación en material común seco de 0 - 2 m manual | D12: M3 | E12: =(12*1*1.05+(114.54-103.18)*0.45+25.11*0.15)*2 -> 42.957
B13: 1.2.2 | C13: Lleno compactado con material del sitio manual | D13: M3 | E13: =+E12*0.7 -> 30.0699
B14: 1.2.3 | C14: Base arena - cemento agregado fino compactado | D14: M3 | E14: =E12*0.3 -> 12.8871
B15: 1.3 | C15: SOLADOS Y CONCRETOS
B16: 1.3.1 | C16: Solado en concreto de 14 Mpa | D16: M3 | E16: =(+E22*0.05)+((+E17/0.25)*0.05)+((E20/0.08)*0.05) -> 7.6582
B17: 1.3.2 | C17: Concreto de 21 MPA (3000 PSI) Para viga de cimentación | D17: M3 | E17: =((0.268*2)+(0.269*2)+(0.188*2)+(0.186*2)+(2*0.347)+(2*0.346))*2 -> 6.416
B18: 1.3.3 | C18: Concreto de 21 MPA (3000 PSI) Para columnas | D18: M3 | E18: =((0.286*4)+(0.281*7)+(0.283*2)+(0.234*4))*2 -> 9.226
B19: 1.3.4 | C19: Concreto de 21 MPA (3000 PSI) Para viga aerea | D19: M3 | E19: =((0.404*2)+(0.389*3)+(0.25*0.25*4.56*4)+(0.25*0.25*3.32*4))*2 -> 7.89
B20: 1.3.5 | C20: Concreto de 21 MPA (3000 PSI) Para placa contrapiso | D20: M3 | E20: =(3.905+0.907)*2 -> 9.624
B21: 1.3.5A | C21: Concreto de 21 MPA (3000 PSI) Para Canal Perimetral | D21: M3 | E21: =0.8*64*0.1 -> 5.12
B22: 1.3.6 | C22: Concreto de 21 MPA (3000 PSI) Para zapata | D22: M3 | E22: =(1*1*0.3*12)*2 -> 7.2
B23: 1.3.7 | C23: Mortero de nivelación e = 0,05 m para pisos | D23: M2 | E23: =25.11*2 -> 50.22
B24: 1.3.8 | C24: Caja de inspección de 0,60 x 0,60 x 0,60 m en ladrillo, concreto de 17,2 Mpa y tapa reforzada en concreto de 20,7 Mpa | D24: UND | E24: 2
B25: 1.3.9 | C25: Acero de refuerzo figurado Fy = 60.000 psi d>1/4" | D25: KG | E25: =+SUM(E17:E22)*100 -> 4547.6
B26: 1.4 | C26: MAPOSTERIA Y PAÑETES.
B27: 1.4.1 | C27: Muro en bloque No. 4 de 10x20x40cm | D27: M2 | E27: =(10.71+14.25+14.298+7.875+7.2+9.848+2.925+9.57+10.47)*2 -> 174.292
B28: 1.5 | C28: ESTRUCTURA DE CUBIERTA
B29: 1.5.1 | C29: ACERO ESTRUCTURAL ASTM A-500 GRADO C. (INCLUYE SUMINISTRO MONTAJE Y PINTURA) | D29: KG | E29: =15.098*E30+$E$30*2.52 -> 6342.48
B30: 1.5.22 | C30: SUMINISTRO E INSTALACION TEJA METALICA CL. 30 | D30: M2 | E30: =180*2 -> 360
B31: 1.5.3 | C31: SUMINISTRO E INSTALACIÓN CANAL EN LAMINA GALVANIZADA CAL 20, LD=0.61m (INCLUYE PINTURA Y ANTICORROSIVOS) | D31: ML | E31: =18*2 -> 36
B32: 1.5.4 | C32: SUMINISTRO E INSTALACIÓN REJILLA CUPULA 6x4'' EN ALUMINIO | D32: UND | E32: 2
B33: 1.5.5 | C33: Suministro e instalación Filtro Y PVC 4'' (Incluye malla, tuberia desague, limpieza y tapon) | D33: UND | E33: 2
B34: 1.6 | C34: ACABADOS
B35: 1.6.1 | C35: Revoque de muro incluye dilataciones y filos | D35: M2 | E35: =+E27*2 -> 348.584
B36: 1.6.2 | C36: Pintura muro 3 manos | D36: M2 | E36: =+E35 -> 348.584
B37: 1.7 | C37: CARPINTERIA METALICA
B38: 1.7.1 | C38: VENTANA EN ALUMINIO BLANCO PINTURA ELECTROSTÁTICA, SISTEMA PERSIANA FIJA EN ALUMINIO | D38: M2 | E38: =(1.2*1.2)*2 -> 2.88
B39: 1.7.2 | C39: VENTANA EN ALUMINIO 0.80x1.80m BLANCO PINTURA ELECTROSTÁTICA,ENVIDRIO TEMPLADO COLOR 5mm,SISTEMA 7/44, CON CORREDERAS Y FIJAS, CON SUS RESPECTIVOS ACCESORIOS. | D39: UND | E39: 2
B40: 1.7.5 | C40: SUMINISTRO E INSTALACION PUERTA TABLERO CORRIDO MARCO, PASADOR LAMINA COLL ROLLED CAL 20. (INCLUYE ANTICORROSIVO Y PINTURA) | D40: M2 | E40: =(2.1*0.8)*2 -> 3.36
B41: 1.8 | C41: REDES
B42: 1.8.1 | C42: SUMINISTRO E INSTALACION TUBERIA SANITARIA 4" | D42: ML | E42: =(1.34+2.35+0.54+0.48+2.27+0.24+0.55)*2 -> 15.54
B43: 1.8.2 | C43: SUMINISTRO E INSTALACION TUBERIA SANITARIA 2" | D43: ML | E43: =(0.6+1.49+1.38+0.22+5.74)*2+30 -> 48.86
B44: 1.8.3 | C44: CODO SANITARIO PVC 90 CC-4" | D44: UND | E44: =4*2 -> 8
B45: 1.8.4 | C45: TE SANITARIO PVC 90 CC-4" | D45: UND | E45: 2
B46: 1.8.5 | C46: REGISTRO DE BOLA EN PVC 4" | D46: UND | E46: 4
B47: 1.8.6 | C47: REGISTRO DE BOLA EN PVC 2" | D47: UND | E47: 2
B48: 1.8.7 | C48: REGISTRO DE BOLA EN PVC 1" | D48: UND | E48: 2
B49: 1.8.8 | C49: CODO SANITARIO PVC 90 CC-2" | D49: UND | E49: 4
B50: 1.8.9 | C50: TE SANITARIO PVC 90 CC-2" | D50: UND | E50: 2
B51: 1.8.10 | C51: SIFON DE PISO DE 2", INCLUYE REJILLA | D51: UND | E51: 2
B52: 1.8.11 | C52: SUMINISTRO E INSTALACION TUBERIA PRESION 1" | D52: ML | E52: =(0.08+0.36+2.82+0.41+0.12+1.37+0.92+1.47+0.18+0.74+1.26+1.1)*2 -> 21.66
B53: 1.8.12 | C53: SUMINISTRO E INSTALACION TUBERIA PRESION 1/2" | D53: ML | E53: 12
B54: 1.8.13 | C54: CODO 90 PRESION PVC 1" | D54: UND | E54: 9
B55: 1.8.14 | C55: CODO 90 PRESION PVC 3/4" | D55: UND | E55: 4
B56: 1.8.15 | C56: CODO 90 PRESION PVC 1/2" | D56: UND | E56: 5
B57: 1.8.16 | C57: TEE PRESION PVC 3/4" | D57: UND | E57: 4
B58: 1.8.17 | C58: ADAPTADOR HEMBRA PVC PRESION 1/2" | D58: UND | E58: 4
B59: 1.8.18 | C59: ADAPTADOR MACHO PVC PRESION 1/2" | D59: UND | E59: 4
B60: 1.8.19 | C60: TAPON ROSCADO PVC 1/2" | D60: UND | E60: 3
B61: 1.8.20 | C61: TANQUE PLÁSTICO PARA 250 LITROS | D61: UND | E61: 2
B62: 1.8.21 | C62: TANQUE PLÁSTICO PARA 500 LITROS (VERTIMIENTO DE RETROLAVADO) | D62: UND | E62: 2
B63: VALOR TOTAL CASETA DE LABORATORIO Y CUARTO DE ALMACEN | G63: =SUM(G8:G62) -> 0
B65: 2 | C65: SISTEMA DE POTABILIZACIÓN
B67: 2.1 | C67: SISTEMA DE PURIFICACIÓN Y EQUIPOS
B68: 2.1.1 | C68: SUMINISTRO E INSTALACIÓN BOMBA EN ACERO INOXIDABLE DE 0,5 HP, CON PRESURIZADOR ELECTRÓNICO, LO CUAL PREVIENE SUCCIÓN EN VACÍO, ASÍ COMO APAGADO AUTOMÁTICO AL CIERRE DE LA DESCARGA. | D68: UND | E68: 2
B69: 2.1.2 | C69: SUMINISTRO E INSTALACIÓN FILTRO MULTIMEDIA DE ARENA CON TANQUE EN FIBRA DE VIDRIO REFORZADA, 150 PSI, VÁLVULA MANUAL DE TRES POSICIONES EN NORYL. (INCLUYE TUBERIA Y ACCESORIOS) | D69: UND | E69: 2
B70: 2.1.3 | C70: SUMINISTRO E INSTALACIÓN FILTRO DE CARBÓN ACTIVADO CON TANQUE DE VIDRIO REFORZADO, 150 PSI, VÁLVULA MANUAL DE TRES POSICIONES EN NORYL. (INCLUYE TUBERIA Y ACCESORIOS) | D70: UND | E70: 2
B71: 2.1.4 | C71: SUMINISTRO E INSTALACIÓN MANÓMETROS EN ACERO INOXIDABLE CON RANGO DE 0-100 PSI PARA CHEQUEO PRESIÓN FILTROS. | D71: UND | E71: 4
B72: 2.1.5 | C72: SUMINISTRO E INSTALACIÓN LÁMPARA UV MARCA PURIKOR 12 GPM - VOLTAJE 110v o SIMILAR, EN ACERO INOXIDABLE CON DISPLAY DIGITAL CON TIEMPO DE OPERACIÓN Y ALARMAS DE FALLO, INCLUYE ESTRUCTURA DE SOPORTE EN ACERO INOXIDABLE 304. | D72: UND | E72: 2
B73: 2.1.6 | C73: SUMINISTRO E INSTALACIÓN CLORADOR DE PASTILLAS DE HASTA 2 KG, CON VÁLVULA DE DOSIFICACIÓN. (INCLUYE TUBERIA Y ACCESORIOS) | D73: UND | E73: 2
B74: 2.1.7 | C74: SUMINISTRO E INSTALACIÓN FUENTE DE AGUA DE PEDESTAL, ALTO 100CM, ANCHO 35CM, PROFUNDIDAD 35 CM, PESO 18KG, CON UN GRIFO CROMADO EN UNA SOLA PIEZA CON BOTÓN PUSH, BASE EN ACERO INOXIDABLE SATINADO, ANTICORROSIVA. | D74: UND | E74: 2
B75: 2.1.8 | C75: SUMINISTRO E INSTALACIÓN DE LAVADORA Y LLENADORA DE GARRAFONES EN ACERO INOXIDABLE 304 CAL 18 ADAPTADO PARA LAVADO, ENJUAGUE Y LLENADO DE GARRAFONES CAPACIDAD 2 GARRAFONES SIMULTANEOS (INCLUYE BOMBA EN ACERO INOXIDABLE DE 0,5 HP, CON PRESURIZADOR ELECTRÓNICO) | D75: UND | E75: 2
B76: VALOR TOTAL SISTEMA DE TRATAMIENTO | G76: =SUM(G68:G75) -> 0
B78: 3 | C78: TANQUE DE ALMACENAMIENTO SUPERFICIAL
B80: 3.1 | C80: PRELIMINARES
B81: 3.1.1 | C81: Localización y replanteo | D81: M2 | E81: =28.27*2 -> 56.54
B82: 3.1.2 | C82: Descapote y nivelación | D82: M2 | E82: =+E81 -> 56.54
B83: 3.2 | C83: EXCAVACIONES Y RELLENOS
B84: 3.2.1 | C84: Excavación en material común seco de 0 - 2 m manual | D84: M3 | E84: =E81*0.55 -> 31.097
B85: 3.2.2 | C85: RELLENO CON MATERIAL GRANULAR SELECCIONADO. TAMAÑO MAXIMO 4". (H:0.30 INCLUYE COMPACTACION C/0.15M) | D85: M3 | E85: =E81*0.3 -> 16.962
B86: 3.2.3 | C86: Lleno con arena (Incluye compactación) | D86: M3 | E86: =E81*0.15 -> 8.481
B87: 3.3 | C87: SOLADOS Y CONCRETOS PARA ANILLO PERIMETRAL
B88: 3.3.1 | C88: Solado en concreto de 14 Mpa | D88: M3 | E88: =E81*0.05 -> 2.827
B89: 3.3.2 | C89: CONCRETO DE 3000PSI (21.0MPA) PARA ANILLO PERIMETRAL. INC. FORMALETA | D89: M3 | E89: =E81*0.2 -> 11.308
B90: 3.4 | C90: ACERO DE REFUERZO
B91: 3.4.1 | C91: Acero de refuerzo figurado Fy = 60.000 psi d>1/4" | D91: KG | E91: =E89*100 -> 1130.8
B92: 3.5 | C92: TANQUE, TUBERIAS Y ACCESORIOS
B93: 3.5.1 | C93: SUMINISTRO E INSTALACIÓN DE TANQUE PARA ALMACENAMIENTO DE AGUA EN LAMINA DE ACERO GALVANIZADA CON RECUBRIMIENTO EN PLASTISOL 200 MICRAS. Y MEMBRANA INTERNA DE PVC TIPO EXTREM , (6x2,5m). INC MONTAJE, TRANSPORTE Y SUMINISTRO. | D93: UND | E93: 2
B94: 3.5.2 | C94: Suministro e instalación de tubería PVC RDE 21 extremos lisos diámetro 1" | D94: ML | E94: 11.1
B95: 3.5.3 | C95: Suministro e instalación codo 90 presión PVC 1" | D95: UND | E95: 6
B96: 3.5.4 | C96: Suministro e instalación de válvula de bola PVC 1" | D96: UND | E96: 2
B97: 3.5.5 | C97: Suministro e instalación Válvula de cheque en Y ∅1" (Bronce) | D97: UND | E97: 2
B98: 3.5.6 | C98: Suministro e instalación Union Universal Lisa 4'' PVC | D98: UND | E98: 4
B99: 3.5.7 | C99: Caja de inspección de 0,60 x 0,60 x 0,60 m en ladrillo, concreto de 17,2 Mpa y tapa reforzada en concreto de 20,7 Mpa | D99: UND | E99: 1
B100: TOTAL TANQUE DE ALMACENAMIENTO SUPERFICIAL | G100: =SUM(G81:G99) -> 0
B102: 4 | C102: REDES ELECTRICAS
B103: 4.1 | C103: SISTEMA DE GENERACION SOLAR
B104: 4.1.1 | C104: SUMINISTRO TRANSPORTE E INSTALACION DE TABLERO TIPO MINI PRAGMA PARCIAL DE 6 CIRCUITOS INCLUYE BREAKER | D104: UND | E104: 2
B105: 4.1.2 | C105: PUESTA A TIERRA TERMINAL EN BAJA TENSION | D105: UND | E105: 2
B106: 4.1.3 | C106: ACOMETIDA PARCIAL 2 No10+1No8 DUCTO PVC 3/4" SUMINISTRO E INSTALACION | D106: ML | E106: =15*2 -> 30
B107: 4.1.4 | C107: ACOMETIDA PARCIAL 2 No12+1No12 DUCTO PVC 3/4" SUMINISTRO E INSTALACION | D107: ML | E107: =45*2 -> 90
...

Sheet CANTIDADES
A1: ITEM | B1: UN | C1: CANT | D1: KG | E1: PESO
A2: =+'PRE MOD I'!C14 -> Base arena - cemento agregado fino compactado | B2: =+'PRE MOD I'!D14 -> M3 | C2: =+'PRE MOD I'!E14 -> 12.8871 | D2: =+$C$2*#REF!+$C$2*#REF!*$D$3 -> #REF! | E2: =+D2 -> #REF!
A3: Arena | B3: M3 | C3: =('PRE MOD I'!E16+'PRE MOD I'!$E$88)*#REF!+('PRE MOD I'!E17+'PRE MOD I'!E18+'PRE MOD I'!E19+'PRE MOD I'!E20+'PRE MOD I'!E22+'PRE MOD I'!$E$89)*#REF!+#REF!*'PRE MOD I'!E23*0.05 -> #REF! | D3: 1450 | E3: =+C3*D3 -> #REF!
A4: Gravilla | B4: M3 | C4: =('PRE MOD I'!E16+'PRE MOD I'!$E$88)*#REF!+('PRE MOD I'!E17+'PRE MOD I'!E18+'PRE MOD I'!E19+'PRE MOD I'!E20+'PRE MOD I'!E22+'PRE MOD I'!$E$89)*#REF! -> #REF! | D4: 1550 | E4: =+C4*D4 -> #REF!
A5: Cemento | B5: KG | C5: =('PRE MOD I'!E16+'PRE MOD I'!$E$88)*#REF!+('PRE MOD I'!E17+'PRE MOD I'!E18+'PRE MOD I'!E19+'PRE MOD I'!E20+'PRE MOD I'!E22+'PRE MOD I'!$E$89)*#REF!+#REF!*'PRE MOD I'!E23*0.05 -> #REF! | E5: =+C5 -> #REF!
A6: =+'PRE MOD I'!C25 -> Acero de refuerzo figurado Fy = 60.000 psi d>1/4" | B6: KG | C6: =+'PRE MOD I'!E25+'PRE MOD I'!E29+'PRE MOD I'!E91 -> 12020.88 | E6: =+C6 -> 12020.88
A7: =+'PRE MOD I'!C27 -> Muro en bloque No. 4 de 10x20x40cm | B7: UN | C7: =+'PRE MOD I'!E27*12 -> 2091.504 | D7: 5 | E7: =+C7*D7 -> 10457.52
A8: =+'PRE MOD I'!C30 -> SUMINISTRO E INSTALACION TEJA METALICA CL. 30 | B8: UND | C8: =+'PRE MOD I'!E30/(0.8*3.04) -> 148.02632 | D8: 6.14 | E8: =+C8*D8 -> 908.88158
A9: =+'PRE MOD I'!C31 -> SUMINISTRO E INSTALACIÓN CANAL EN LAMINA GALVANIZADA CAL 20, LD=0.61m (INCLUYE PINTURA Y ANTICORROSIVOS) | B9: =+'PRE MOD I'!D31 -> ML | C9: =+'PRE MOD I'!E31 -> 36 | D9: 0.74 | E9: =+C9*D9 -> 26.64
A10: =+'PRE MOD I'!C32 -> SUMINISTRO E INSTALACIÓN REJILLA CUPULA 6x4'' EN ALUMINIO | B10: =+'PRE MOD I'!D32 -> UND | C10: =+'PRE MOD I'!E32 -> 2
A11: =+'PRE MOD I'!C33 -> Suministro e instalación Filtro Y PVC 4'' (Incluye malla, tuberia desague, limpieza y tapon) | B11: =+'PRE MOD I'!D33 -> UND | C11: =+'PRE MOD I'!E33 -> 2
A12: =+'PRE MOD I'!C35 -> Revoque de muro incluye dilataciones y filos | B12: =+'PRE MOD I'!D35 -> M2 | C12: =+'PRE MOD I'!E35 -> 348.584
A13: =+'PRE MOD I'!C36 -> Pintura muro 3 manos | B13: =+'PRE MOD I'!D36 -> M2 | C13: =+'PRE MOD I'!E36 -> 348.584
A14: =+'PRE MOD I'!C38 -> VENTANA EN ALUMINIO BLANCO PINTURA ELECTROSTÁTICA, SISTEMA PERSIANA FIJA EN ALUMINIO | B14: =+'PRE MOD I'!D38 -> M2 | C14: =+'PRE MOD I'!E38 -> 2.88
A15: =+'PRE MOD I'!C39 -> VENTANA EN ALUMINIO 0.80x1.80m BLANCO PINTURA ELECTROSTÁTICA,ENVIDRIO TEMPLADO COLOR 5mm,SISTEMA 7/44, CON CORREDERAS Y FIJAS, CON SUS RESPECTIVOS ACCESORIOS. | B15: =+'PRE MOD I'!D39 -> UND | C15: =+'PRE MOD I'!E39 -> 2
A16: =+'PRE MOD I'!C40 -> SUMINISTRO E INSTALACION PUERTA TABLERO CORRIDO MARCO, PASADOR LAMINA COLL ROLLED CAL 20. (INCLUYE ANTICORROSIVO Y PINTURA) | B16: =+'PRE MOD I'!D40 -> M2 | C16: =+'PRE MOD I'!E40 -> 3.36
A17: =+'PRE MOD I'!C42 -> SUMINISTRO E INSTALACION TUBERIA SANITARIA 4" | B17: =+'PRE MOD I'!D42 -> ML | C17: =+'PRE MOD I'!E42 -> 15.54 | D17: 1.84 | E17: =+C17*D17 -> 28.5936
A18: =+'PRE MOD I'!C43 -> SUMINISTRO E INSTALACION TUBERIA SANITARIA 2" | B18: =+'PRE MOD I'!D43 -> ML | C18: =+'PRE MOD I'!E43 -> 48.86 | D18: 0.53 | E18: =+C18*D18 -> 25.8958
A19: =+'PRE MOD I'!C44 -> CODO SANITARIO PVC 90 CC-4" | B19: =+'PRE MOD I'!D44 -> UND | C19: =+'PRE MOD I'!E44 -> 8
A20: =+'PRE MOD I'!C45 -> TE SANITARIO PVC 90 CC-4" | B20: =+'PRE MOD I'!D45 -> UND | C20: =+'PRE MOD I'!E45 -> 2
A21: =+'PRE MOD I'!C46 -> REGISTRO DE BOLA EN PVC 4" | B21: =+'PRE MOD I'!D46 -> UND | C21: =+'PRE MOD I'!E46 -> 4
A22: =+'PRE MOD I'!C47 -> REGISTRO DE BOLA EN PVC 2" | B22: =+'PRE MOD I'!D47 -> UND | C22: =+'PRE MOD I'!E47 -> 2
A23: =+'PRE MOD I'!C48 -> REGISTRO DE BOLA EN PVC 1" | B23: =+'PRE MOD I'!D48 -> UND | C23: =+'PRE MOD I'!E48 -> 2
A24: =+'PRE MOD I'!C49 -> CODO SANITARIO PVC 90 CC-2" | B24: =+'PRE MOD I'!D49 -> UND | C24: =+'PRE MOD I'!E49 -> 4
A25: =+'PRE MOD I'!C50 -> TE SANITARIO PVC 90 CC-2" | B25: =+'PRE MOD I'!D50 -> UND | C25: =+'PRE MOD I'!E50 -> 2
A26: =+'PRE MOD I'!C51 -> SIFON DE PISO DE 2", INCLUYE REJILLA | B26: =+'PRE MOD I'!D51 -> UND | C26: =+'PRE MOD I'!E51 -> 2
A27: =+'PRE MOD I'!C52 -> SUMINISTRO E INSTALACION TUBERIA PRESION 1" | B27: =+'PRE MOD I'!D52 -> ML | C27: =+'PRE MOD I'!E52 -> 21.66 | D27: =252/1000 -> 0.252 | E27: =+C27*D27 -> 5.45832
A28: =+'PRE MOD I'!C53 -> SUMINISTRO E INSTALACION TUBERIA PRESION 1/2" | B28: =+'PRE MOD I'!D53 -> ML | C28: =+'PRE MOD I'!E53 -> 12 | D28: =218/1000 -> 0.218 | E28: =+C28*D28 -> 2.616
A29: =+'PRE MOD I'!C54 -> CODO 90 PRESION PVC 1" | B29: =+'PRE MOD I'!D54 -> UND | C29: =+'PRE MOD I'!E54 -> 9
A30: =+'PRE MOD I'!C55 -> CODO 90 PRESION PVC 3/4" | B30: =+'PRE MOD I'!D55 -> UND | C30: =+'PRE MOD I'!E55 -> 4
A31: =+'PRE MOD I'!C56 -> CODO 90 PRESION PVC 1/2" | B31: =+'PRE MOD I'!D56 -> UND | C31: =+'PRE MOD I'!E56 -> 5
A32: =+'PRE MOD I'!C57 -> TEE PRESION PVC 3/4" | B32: =+'PRE MOD I'!D57 -> UND | C32: =+'PRE MOD I'!E57 -> 4
A33: =+'PRE MOD I'!C58 -> ADAPTADOR HEMBRA PVC PRESION 1/2" | B33: =+'PRE MOD I'!D58 -> UND | C33: =+'PRE MOD I'!E58 -> 4
A34: =+'PRE MOD I'!C59 -> ADAPTADOR MACHO PVC PRESION 1/2" | B34: =+'PRE MOD I'!D59 -> UND | C34: =+'PRE MOD I'!E59 -> 4
A35: =+'PRE MOD I'!C60 -> TAPON ROSCADO PVC 1/2" | B35: =+'PRE MOD I'!D60 -> UND | C35: =+'PRE MOD I'!E60 -> 3
A36: =+'PRE MOD I'!C61 -> TANQUE PLÁSTICO PARA 250 LITROS | B36: =+'PRE MOD I'!D61 -> UND | C36: =+'PRE MOD I'!E61 -> 2 | D36: 7 | E36: =+C36*D36 -> 14
A37: =+'PRE MOD I'!C68 -> SUMINISTRO E INSTALACIÓN BOMBA EN ACERO INOXIDABLE DE 0,5 HP, CON PRESURIZADOR ELECTRÓNICO, LO CUAL PREVIENE SUCCIÓN EN VACÍO, ASÍ COMO APAGADO AUTOMÁTICO AL CIERRE DE LA DESCARGA. | B37: =+'PRE MOD I'!D68 -> UND | C37: =+'PRE MOD I'!E68 -> 2
A38: =+'PRE MOD I'!C69 -> SUMINISTRO E INSTALACIÓN FILTRO MULTIMEDIA DE ARENA CON TANQUE EN FIBRA DE VIDRIO REFORZADA, 150 PSI, VÁLVULA MANUAL DE TRES POSICIONES EN NORYL. (INCLUYE TUBERIA Y ACCESORIOS) | B38: =+'PRE MOD I'!D69 -> UND | C38: =+'PRE MOD I'!E69 -> 2 | D38: 6.1 | E38: =+C38*D38 -> 12.2
A39: =+'PRE MOD I'!C70 -> SUMINISTRO E INSTALACIÓN FILTRO DE CARBÓN ACTIVADO CON TANQUE DE VIDRIO REFORZADO, 150 PSI, VÁLVULA MANUAL DE TRES POSICIONES EN NORYL. (INCLUYE TUBERIA Y ACCESORIOS) | B39: =+'PRE MOD I'!D70 -> UND | C39: =+'PRE MOD I'!E70 -> 2 | D39: 6.1 | E39: =+C39*D39 -> 12.2
A40: =+'PRE MOD I'!C71 -> SUMINISTRO E INSTALACIÓN MANÓMETROS EN ACERO INOXIDABLE CON RANGO DE 0-100 PSI PARA CHEQUEO PRESIÓN FILTROS. | B40: =+'PRE MOD I'!D71 -> UND | C40: =+'PRE MOD I'!E71 -> 4
A41: =+'PRE MOD I'!C72 -> SUMINISTRO E INSTALACIÓN LÁMPARA UV MARCA PURIKOR 12 GPM - VOLTAJE 110v o SIMILAR, EN ACERO INOXIDABLE CON DISPLAY DIGITAL CON TIEMPO DE OPERACIÓN Y ALARMAS DE FALLO, INCLUYE ESTRUCTURA DE SOPORTE EN ACERO INOXIDABLE 304. | B41: =+'PRE MOD I'!D72 -> UND | C41: =+'PRE MOD I'!E72 -> 2
A42: =+'PRE MOD I'!C73 -> SUMINISTRO E INSTALACIÓN CLORADOR DE PASTILLAS DE HASTA 2 KG, CON VÁLVULA DE DOSIFICACIÓN. (INCLUYE TUBERIA Y ACCESORIOS) | B42: =+'PRE MOD I'!D73 -> UND | C42: =+'PRE MOD I'!E73 -> 2
A43: =+'PRE MOD I'!C74 -> SUMINISTRO E INSTALACIÓN FUENTE DE AGUA DE PEDESTAL, ALTO 100CM, ANCHO 35CM, PROFUNDIDAD 35 CM, PESO 18KG, CON UN GRIFO CROMADO EN UNA SOLA PIEZA CON BOTÓN PUSH, BASE EN ACERO INOXIDABLE SATINADO, ANTICORROSIVA. | B43: =+'PRE MOD I'!D74 -> UND | C43: =+'PRE MOD I'!E74 -> 2 | D43: 18 | E43: =+C43*D43 -> 36
A44: =+'PRE MOD I'!C75 -> SUMINISTRO E INSTALACIÓN DE LAVADORA Y LLENADORA DE GARRAFONES EN ACERO INOXIDABLE 304 CAL 18 ADAPTADO PARA LAVADO, ENJUAGUE Y LLENADO DE GARRAFONES CAPACIDAD 2 GARRAFONES SIMULTANEOS (INCLUYE BOMBA EN ACERO INOXIDABLE DE 0,5 HP, CON PRESURIZADOR ELECTRÓNICO) | B44: =+'PRE MOD I'!D75 -> UND | C44: =+'PRE MOD I'!E75 -> 2
A45: =+'PRE MOD I'!C85 -> RELLENO CON MATERIAL GRANULAR SELECCIONADO. TAMAÑO MAXIMO 4". (H:0.30 INCLUYE COMPACTACION C/0.15M) | B45: =+'PRE MOD I'!D85 -> M3 | C45: =+'PRE MOD I'!E85 -> 16.962
A46: =+'PRE MOD I'!C86 -> Lleno con arena (Incluye compactación) | B46: =+'PRE MOD I'!D86 -> M3 | C46: =+'PRE MOD I'!E86 -> 8.481 | D46: =+D3 -> 1450 | E46: =+C46*D46 -> 12297.45
A47: =+'PRE MOD I'!C93 -> SUMINISTRO E INSTALACIÓN DE TANQUE PARA ALMACENAMIENTO DE AGUA EN LAMINA DE ACERO GALVANIZADA CON RECUBRIMIENTO EN PLASTISOL 200 MICRAS. Y MEMBRANA INTERNA DE PVC TIPO EXTREM , (6x2,5m). INC MONTAJE, TRANSPORTE Y SUMINISTRO. | B47: =+'PRE MOD I'!D93 -> UND | C47: =+'PRE MOD I'!E93 -> 2 | D47: 341.43539 | E47: =+C47*D47 -> 682.87079 | G47: =2*PI()*3 -> 18.849556 | H47: =+G47*2.5 -> 47.12389
A48: =+'PRE MOD I'!C94 -> Suministro e instalación de tubería PVC RDE 21 extremos lisos diámetro 1" | B48: =+'PRE MOD I'!D94 -> ML | C48: =+'PRE MOD I'!E94 -> 11.1 | D48: =252/1000 -> 0.252 | E48: =+C48*D48 -> 2.7972
A49: =+'PRE MOD I'!C95 -> Suministro e instalación codo 90 presión PVC 1" | B49: =+'PRE MOD I'!D95 -> UND | C49: =+'PRE MOD I'!E95 -> 6
A50: =+'PRE MOD I'!C96 -> Suministro e instalación de válvula de bola PVC 1" | B50: =+'PRE MOD I'!D96 -> UND | C50: =+'PRE MOD I'!E96 -> 2
A51: =+'PRE MOD I'!C97 -> Suministro e instalación Válvula de cheque en Y ∅1" (Bronce) | B51: =+'PRE MOD I'!D97 -> UND | C51: =+'PRE MOD I'!E97 -> 2
A52: =+'PRE MOD I'!C98 -> Suministro e instalación Union Universal Lisa 4'' PVC | B52: =+'PRE MOD I'!D98 -> UND | C52: =+'PRE MOD I'!E98 -> 4
A53: =+'PRE MOD I'!C99 -> Caja de inspección de 0,60 x 0,60 x 0,60 m en ladrillo, concreto de 17,2 Mpa y tapa reforzada en concreto de 20,7 Mpa | B53: =+'PRE MOD I'!D99 -> UND | C53: =+'PRE MOD I'!E99 -> 1
A54: =+'PRE MOD I'!C104 -> SUMINISTRO TRANSPORTE E INSTALACION DE TABLERO TIPO MINI PRAGMA PARCIAL DE 6 CIRCUITOS INCLUYE BREAKER | B54: =+'PRE MOD I'!D104 -> UND | C54: =+'PRE MOD I'!E104 -> 2
A55: =+'PRE MOD I'!C105 -> PUESTA A TIERRA TERMINAL EN BAJA TENSION | B55: =+'PRE MOD I'!D105 -> UND | C55: =+'PRE MOD I'!E105 -> 2
A56: =+'PRE MOD I'!C106 -> ACOMETIDA PARCIAL 2 No10+1No8 DUCTO PVC 3/4" SUMINISTRO E INSTALACION | B56: =+'PRE MOD I'!D106 -> ML | C56: =+'PRE MOD I'!E106 -> 30
A57: =+'PRE MOD I'!C107 -> ACOMETIDA PARCIAL 2 No12+1No12 DUCTO PVC 3/4" SUMINISTRO E INSTALACION | B57: =+'PRE MOD I'!D107 -> ML | C57: =+'PRE MOD I'!E107 -> 90
A58: =+'PRE MOD I'!C108 -> SALIDA PARA TOMA GFCI SUMINISTRO E INSTALACIÓN | B58: =+'PRE MOD I'!D108 -> UND | C58: =+'PRE MOD I'!E108 -> 8
A59: =+'PRE MOD I'!C109 -> SALIDA DE LAMPARA LED SUMINISTRO E INSTALACIÓN | B59: =+'PRE MOD I'!D109 -> UND | C59: =+'PRE MOD I'!E109 -> 12
A60: =+'PRE MOD I'!C110 -> SUMINISTRO, INSTALACION Y PUESTA EN SERVICIO DE UN SISTEMA FOTOVOLTAICO COMPUESTO POR: (8) PANELES SOLARES DE 550W O SIMILAR, (4) BATERIAS DE 200Amp.Hr, (1) INVERSOR HIBRIDO DE 3.500 W, CON SU RESPECTIVO CABLEADO Y ESTRUCTURAS | B60: =+'PRE MOD I'!D110 -> UND | C60: =+'PRE MOD I'!E110 -> 2 | D60: =+#REF! -> #REF! | E60: =+C60*D60 -> #REF!
A61: =+'PRE MOD I'!C132 -> SUMINISTRO BOTELLÓN REDONDO COLOR AZUL TRANSPARENTE CON MANIJA ELABORADO EN PET CON TAPA VÁLVULA CON CAPACIDAD VOLUMÉTRICA NOMINAL = 18.9 L Y MEDIDA = 20 L, INCLUYE BASE METÁLICA PARA BOTELLÓN REDONDO DE 20 LITROS | B61: =+'PRE MOD I'!D132 -> UND | C61: =+'PRE MOD I'!E132 -> 226
A62: =+'PRE MOD I'!C133 -> SUMINISTRO PISTOLA DE CALOR 50-600 GRADOS POTENCIA 1500W TIPO MAKITA HG6020 O SIMILAR | B62: =+'PRE MOD I'!D133 -> UND | C62: =+'PRE MOD I'!E133 -> 2
A63: =+'PRE MOD I'!C134 -> SUMINISTRO DE CAJA DE BANDAS TERMO ENCOGIBLES PARA SELLAR BOTELLONES DE AGUA (95MM X 60 MM) AZUL TRANSPARENTE IMPRESA * 1000 UNIDADES | B63: =+'PRE MOD I'!D134 -> UND | C63: =+'PRE MOD I'!E134 -> 22
A64: =+'PRE MOD I'!C135 -> SUMINISTRO KIT PARA MEDICIÓN DE PH Y CLORO (INCLUYE EQUIPO DE LABORATORIO, PROBETAS DE VIDRIO, PLASTICAS, MEZCLADOR, GRAMERA, CAVA 5 LTS, PAPEL FILTRO Y CINTAS PH). | B64: =+'PRE MOD I'!D135 -> UND | C64: =+'PRE MOD I'!E135 -> 2
A65: =+'PRE MOD I'!C136 -> SUMINISTRO DE LAMPARA REPUESTO MODELO GOLD 12 GPM. | B65: =+'PRE MOD I'!D136 -> UND | C65: =+'PRE MOD I'!E136 -> 2
A66: =+'PRE MOD I'!C137 -> SUMINISTRO DE CAJA PASTILLAS CLORADORES 1 KG | B66: =+'PRE MOD I'!D137 -> UND | C66: =+'PRE MOD I'!E137 -> 60
A67: =+'PRE MOD I'!C138 -> SUMINISTRO DE ESCRITORIO | B67: =+'PRE MOD I'!D138 -> UND | C67: =+'PRE MOD I'!E138 -> 2
A68: =+'PRE MOD I'!C139 -> SUMINISTRO DE SILLA DE OFICINA | B68: =+'PRE MOD I'!D139 -> UND | C68: =+'PRE MOD I'!E139 -> 4
A69: =+'PRE MOD I'!C140 -> SUMINISTRO DE EXTINTOR MULTIPROPOSITO 10 LBS + SEÑAL + SOPORTE | B69: =+'PRE MOD I'!D140 -> UND | C69: =+'PRE MOD I'!E140 -> 2
A70: =+'PRE MOD I'!C141 -> ADQUISICIÓN DE SILLA PLASTICA, SIN BRAZOS, TIPO RIMAX | B70: =+'PRE MOD I'!D141 -> UND | C70: =+'PRE MOD I'!E141 -> 4
A71: =+'PRE MOD I'!C142 -> TABLERO ACRÍLICO BORRABLE 240CMX120CM PERFIL ALUMINIO | B71: =+'PRE MOD I'!D142 -> UND | C71: =+'PRE MOD I'!E142 -> 2
A72: =+'PRE MOD I'!C143 -> ESCALERA MULTIPROPOSITO DE 3.55 MT EN ALUMINIO | B72: =+'PRE MOD I'!D143 -> UND | C72: =+'PRE MOD I'!E143 -> 2
E73: =+SUM(E2:E72)*E76 -> #REF!
E74: =+E73/1000 -> #REF!
E76: 1

Sheet INSTITUCIONAL
B1: PRESUPUESTO GENERAL
B2: Ítem | C2: tiempo meses | D2: Valor unitario
B3: 1. MANEJO TÉCNICO Y ADMINISTRATIVO DEL SISTEMA SCALL
B4: Costos de operación y mantenimiento | C4: 6
B5: Gastos operativos | C5: 6
B6: Costos administrativos | C6: 6
B7: Subtotal | E7: =SUM(D4:D6) -> 0
B8: 2. PUESTA EN MARCHA | C8: 6 | E8: =D8 -> 0
B9: Total | E9: =E8+E7 -> 0
B11: Detalle Puesta en Marcha
B12: Ítem | C12: Valor
B13: PERSONAL
B14: OFICINA
B15: GASTOS DE VIAJES (COSTOS DIRECTOS)
B16: POLIZAS
B17: IVA (19%)
B18: Total

Sheet O&M
B1: PRESUPUESTO PARA LOS DOS MODULOS SCALL
B3: COSTOS DE MANTENIMIENTO PREVENTIVO
B4: Tipo de Intervención | C4: Periodicid ad | D4: Valor Unitario | E4: Cantidad | F4: Valor parcial | G4: Periodic idad | H4: Valor Total semestral
G5: semestral
B6: Mantenimiento de tanque para almacenamiento de agua en lámina de acero galvanizado con recubrimiento en plástico 200 micras. Y membrana interna de PVC tipo extrem. (2 tanques) - Lavado | C6: Trimestral | D6: 246268.65 | E6: 2 | F6: =+D6*E6 -> 492537.3 | G6: 2 | H6: =+F6*G6 -> 985074.6
B7: Mantenimiento canal en lámina galvanizada cal 20, longitud 18 m ) Lavado | C7: Quincenal | D7: 127500 | E7: 2 | F7: =+D7*E7 -> 255000 | G7: 4 | H7: =+F7*G7 -> 1020000
B8: Mantenimiento lámpara UV marca Purikor 12 GPM - voltaje 110v o similar, en acero inoxidable con Display digital con tiempo de operación y alarmas de fallo, incluye estructura de soporte en acero inoxidable 304. | C8: diaria | D8: 85000 | E8: 2 | F8: =+D8*E8 -> 170000 | G8: 6 | H8: =+F8*G8 -> 1020000
B9: Mantenimiento clorador en línea de pastillas de hasta 2 kg, con válvula de dosificación. (incluye tubería y accesorios) | C9: mensual | D9: 100000 | E9: 2 | F9: =+D9*E9 -> 200000 | G9: 2 | H9: =+F9*G9 -> 400000
B10: Lavado y desinfección de la zona de trabajo | C10: Diaria
B11: Mantenimiento de lavadora y llenadora de garrafones en acero inoxidable 304 cal 18 adaptado para lavado, enjuague y llenado de garrafones capacidad 2 garrafones simultáneos. (engrasar los motores, verificar poleas, que no haya fugas) | C11: Mensual | D11: 33049.75 | E11: 2 | F11: =+D11*E11 -> 66099.5 | G11: 6 | H11: =+F11*G11 -> 396597
B12: Mantenimiento De Panel Solar 430Wp MONO PERC | C12: Quincenal | D12: 495000 | E12: 2 | F12: =+D12*E12 -> 990000 | G12: 2 | H12: =+F12*G12 -> 1980000
B13: Verificacion de que todo este funcionando pero sin intervencion. | C13: Diaria
B14: SUBTOTAL | H14: =SUM(H6:H12) -> 5801671.6
B16: COSTOS OPERACIÓN PRODUCTOS QUIMICOS
B17: Producto | C17: Precio Unitario | E17: Cantidad | F17: Costo parcial | G17: Periodicida d Anual | H17: Costo anual
B18: Arena bulto 25 kg. | C18: 39900 | E18: 2 | F18: 79800 | G18: 1 | H18: 79800
B19: Carbón activado bulto 25 kg. | C19: 357000 | E19: 2 | F19: 1092000 | G19: 1 | H19: 1092000
B20: SUBTOTAL COSTO QUIMICOS SEMESTRAL | H20: 3295464
B22: COSTOS DE OPERACIÓN - CAPACITACIÓN
B23: Producto | C23: Precio Unitario | E23: Cantidad | F23: Costo parcial | G23: Periodicidad Semestral | H23: Costo anual
B24: Capacitación de operadores (refrigerio, lugar) | C24: 1000000 | E24: 1 | F24: =+C24*E24 -> 1000000 | G24: 1 | H24: =+F24*G24 -> 1000000
B25: Operador del sistema scall ((refrigerio, lugar) | C25: 1500000 | E25: 1 | F25: =+C25*E25 -> 1500000 | G25: 1 | H25: =+F25*G25 -> 1500000
B26: SUBTOTAL COSTO OPERACIÓN | H26: =+H24+H25 -> 2500000
B28: COSTOS DE OPERACIÓN Y MANTENIMIENTO
B29: OPERACIÓN
B30: Costos de operación productos químicos | H30: =+H20 -> 3295464
B31: Costos de operación del sistema (capacitacion) | H31: =+H26 -> 2500000
B32: SUBTOTAL | H32: =+H30+H31 -> 5795464
B33: MANTENIMIENTO
B34: Mantenimiento preventivo | H34: =+H14 -> 5801671.6
B35: SUBTOTAL | H35: =+H34 -> 5801671.6
B36: TOTAL OPERACIÓN Y MANTENIMIENTO | H36: =ROUND(+H32+H35,0) -> 11597136
B41: COSTOS DE OPERACIÓN CON PERSONAL PAGO
B43: PERSONAL | C43: CANT | D43: VR SALARIO | E43: F.S | F43: VR PARCIAL | G43: MESES | H43: VR. TOTAL
B44: OPERADOR FONTANERO | C44: 1 | D44: =1500000+140606 -> 1640606 | E44: 1.75 | F44: =ROUND(+D44*E44,0) -> 2871061 | G44: 1 | H44: =+F44*G44 -> 2871061
B45: AYUDANTE | C45: 1 | D45: =1160000+140606 -> 1300606 | E45: =+E44 -> 1.75 | F45: =ROUND(+D45*E45,0) -> 2276061 | G45: 1 | H45: =+F45*G45 -> 2276061
F46: SUBTOTAL PERSONAL | H46: =SUM(H44:H45) -> 5147122
B48: GASTOS OPERATIVOS
B50: DESCRIPCION | C50: UNIIDAD | D50: CANTIDAD | E50: VR UNITARIO | F50: VR PARCIAL
B51: UTILES DE ASEO (CEPILLOS, ESCOBAS, TAPEROS, ETC.) | C51: MES | D51: 1 | E51: 60000 | F51: =+D51*E51 -> 60000
B52: INSUMOS PARA ASEO (JABON, LIQUIDOS NO SOLVENTES, LIQUIDOS NEUTROS) | C52: MES | D52: 1 | E52: 150000 | F52: =+D52*E52 -> 150000
B53: CONSUMIBLES (GUANTES, DELANTALES, TAPABOCAS, GORROS, E.T.C.) | C53: MES | D53: 1 | E53: 100000 | F53: =+D53*E53 -> 100000
B54: GASTOS DE PAPELERIA | C54: UN | D54: 1 | E54: 40000 | F54: =+D54*E54 -> 40000
B55: REPOSICION DE BIDONES 20 GL | C55: UN | D55: 2 | E55: 35000 | F55: =+D55*E55 -> 70000 | H55: =+F61+H46 -> 6257122
B56: REPOSICION MATERIAL FILTRANTE | C56: UN | D56: 1 | E56: 540000 | F56: =+D56*E56 -> 540000 | H56: =+H55/30 -> 208570.73
B57: GASTOS CONTABILIDAD SCALL | C57: MES | D57: 1 | E57: 150000 | F57: =+D57*E57 -> 150000 | H57: =+H56/5760 -> 36.210197 | I57: LT
H58: =+H57*20 -> 724.20394
H59: =+H58*2 -> 1448.4079
D61: SUBTOTAL PERSONAL | F61: =SUM(F51:F60) -> 1110000

Sheet apropia preliminar
A1: República de Colombia
B3: ACTIVIDAD | C3: TIEMPO (MES) | F3: COSTO DIRECTO | J3: =+J31 -> 45112782
B4: TOTAL | C4: 1
F5: TOTAL | J5: =ROUND(J4+J3,0) -> 45112782
A8: DESCRIPCIÓN | C8: CATEGORÍA | D8: ASIGNACIÓN BÁSICA | F8: COSTO MENSUAL | G8: CANTIDAD | H8: TIEMPO (MESES) | I8: % DEDICACIÓN | J8: VALOR
A9: PERSONAL TECNICO
A10: DIRECTOR DE CONSULTORIA | C10: 1 | D10: 7000000 | E10: 1 | F10: =+D10*E10 -> 7000000 | G10: 1 | H10: =+$C$4 -> 1 | I10: 0.35 | J10: =ROUND(F10*G10*I10*H10,0) -> 2450000
A11: ESPECIALISTA HIDRÁULICO | B11: ESPECIALISTA HIDRÁULICO | C11: 3 | D11: 5500000 | E11: 1 | F11: =+D11*E11 -> 5500000 | G11: 1 | H11: =+$C$4 -> 1 | I11: 0.45 | J11: =ROUND(F11*G11*I11*H11,0) -> 2475000
A12: ESPECIALISTA GEOTÉCNICO | B12: ESPECIALISTA GEOTÉCNICO | C12: 3 | D12: 5500000 | E12: 1 | F12: =+D12*E12 -> 5500000 | G12: 1 | H12: =+$C$4 -> 1 | I12: 0.4 | J12: =ROUND(F12*G12*I12*H12,0) -> 2200000
A13: ESPECIALISTA ESTRUCTURAL | B13: ESPECIALISTA GEOTÉCNICO | C13: 3 | D13: 5500000 | E13: 1 | F13: =+D13*E13 -> 5500000 | G13: 1 | H13: =+$C$4 -> 1 | I13: 0.35 | J13: =ROUND(F13*G13*I13*H13,0) -> 1925000
A14: ESPECIALISTA ELECTRICO | B14: ESPECIALISTA GEOTÉCNICO | C14: 3 | D14: 5500000 | E14: 1 | F14: =+D14*E14 -> 5500000 | G14: 1 | H14: =+$C$4 -> 1 | I14: 0.25 | J14: =ROUND(F14*G14*I14*H14,0) -> 1375000
A15: ESPECIALISTA EN PRESUPUESTOS | C15: 3 | D15: 5500000 | E15: 1 | F15: =+D15*E15 -> 5500000 | G15: 1 | H15: =+$C$4 -> 1 | I15: 0.3 | J15: =ROUND(F15*G15*I15*H15,0) -> 1650000
A16: INGENIERO AUXILIAR | C16: 8 | D16: 2500000 | E16: 1 | F16: =+D16*E16 -> 2500000 | G16: 1 | H16: =+$C$4 -> 1 | I16: 1 | J16: =ROUND(F16*G16*I16*H16,0) -> 2500000
A17: DIBUJANTE | C17: 8 | D17: 2500000 | E17: 1 | F17: =+D17*E17 -> 2500000 | G17: 1 | H17: =+$C$4 -> 1 | I17: 0.6 | J17: =ROUND(F17*G17*I17*H17,0) -> 1500000
A18: PERSONAL ADMINISTRATIVO | J18: =SUM(J10:J17) -> 16075000
H19: Fac Salar | I19: 1.85 | J19: =+ROUND(J18*I19,0) -> 29738750
A20: Subtotal Personal Técnico Administrativo | J20: =+J19 -> 29738750
A21: ESTUDIOS Y ENSAYOS
A22: Exploración del subsuelo y ensayos de laboratorio | C22: UN | F22: 8000000 | G22: 1 | J22: =F22*G22 -> 8000000
A24: Subtotal Estudios y Ensayos | J24: =SUM(J21:J23) -> 8000000 | K24: =J24+#REF! -> #REF!
A25: OTROS GASTOS
A26: Papeleria oficina Equipos y elementos de oficina | C26: MES | F26: 1500000 | G26: 1 | H26: =+$C$4 -> 1 | J26: =+H26*G26*F26 -> 1500000
A27: Oficina de consultoria, incluye servicios publicos | C27: MES | F27: 1200000 | G27: 1 | H27: =+$C$4 -> 1 | J27: =+H27*G27*F27 -> 1200000
A28: Transporte | C28: UN | F28: 4674032 | G28: 1 | H28: =+$C$4 -> 1 | J28: =+H28*G28*F28 -> 4674032
A30: Subtotal Otros gastos | J30: =SUM(J26:J29) -> 7374032 | K30: =J30+J20 -> 37112782
A31: COSTO PARCIAL DE CONSULTORIA | J31: =+J30+J20+J24 -> 45112782

Sheet Pres Consul Social
A1: República de Colombia
B3: ACTIVIDAD | C3: TIEMPO (MES) | F3: COSTO DIRECTO | J3: =+J23 -> 0
B4: TOTAL | C4: 10 | F4: IVA 19% | H4: 0.19 | J4: =ROUND(J3*H4,0) -> 0
F5: TOTAL | J5: =ROUND(J4+J3,0) -> 0
A8: DESCRIPCIÓN | C8: CATEGORÍA | D8: ASIGNACIÓN BÁSICA | E8: FACTOR MULTIPLICADOR | F8: COSTO MENSUAL | G8: CANTIDAD | H8: TIEMPO (MESES) | I8: % DEDICACIÓN | J8: VALOR
A9: PERSONAL TECNICO
A11: PROFESIONAL SOCIAL | B11: PROFESIONAL SOCIAL | C11: 5 | J11: =ROUND(F11*G11*I11*H11,0) -> 0
A12: AUXILIAR SOCIAL | J12: =ROUND(F12*G12*I12*H12,0) -> 0
A15: Subtotal Personal Técnico Administrativo | J15: =SUM(J10:J14) -> 0
A16: OTROS GASTOS
A17: DESCRIPCION | C17: UNIDAD | D17: CANTIDAD | E17: V.R. UNITARIO
A18: Refrigerios Talleres de Capacitación | C18: UND | D18: 800 | J18: =+D18*E18 -> 0
A19: Papeleria Equipos y elementos para los talleres de capacitación | C19: UND | D19: 10 | J19: =+D19*E19 -> 0
A20: Trasportes Fluviales | C20: MES | D20: 10 | J20: =+D20*E20 -> 0
A22: Subtotal Otros gastos | J22: =SUM(J18:J21) -> 0 | K22: =J22+J15 -> 0
A23: COSTO PARCIAL DE CONSULTORIA | J23: =+J22+J15 -> 0

Sheet CRONOGRAMA
B9: CRONOGRAMA
B10: =+'PRE MOD I'!B1 -> SISTEMA NO CONVENCIONAL DE CAPTACIÓN Y POTABILIZACIÓN DE AGUA LLUVIA PARA CONSUMO
B11: CAPITULO | C11: MES 1 | G11: MES 2 | K11: MES 3
C12: 1 | D12: 2 | E12: 3 | F12: 4 | G12: 5 | H12: 6 | I12: 7 | J12: 8 | K12: 5 | L12: 6 | M12: 7 | N12: 8
B13: =+#REF! -> #REF!
B15: SISTEMA DE POTABILIZACIÓN (inluye Puesta en Marcha)
B17: =+#REF! -> #REF!
B19: =+#REF! -> #REF!
B21: =+#REF! -> #REF!

Sheet CRONOGRAMA MOD I
B9: CRONOGRAMA
B10: =+'PRE MOD I'!B1 -> SISTEMA NO CONVENCIONAL DE CAPTACIÓN Y POTABILIZACIÓN DE AGUA LLUVIA PARA CONSUMO
B11: CAPITULO | C11: MES 1 | G11: MES 2
C12: 1 | D12: 2 | E12: 3 | F12: 4 | G12: 5 | H12: 6 | I12: 7 | J12: 8
B13: =+#REF! -> #REF!
B15: SISTEMA DE POTABILIZACIÓN (inluye Puesta en Marcha)
B17: =+#REF! -> #REF!
B19: =+#REF! -> #REF!
B21: =+#REF! -> #REF!

Sheet COTIZACIONES
D2: TABLA DE COTIZACIONES
D5: PRESPUESTO
B10: INFORMACION BASICA
B11: CONTRATISTA
B14: INFORMACION DEL PROYECTO
B15: OBJETO PROYECTO: | E15: =+'PRE MOD I'!B1 -> SISTEMA NO CONVENCIONAL DE CAPTACIÓN Y POTABILIZACIÓN DE AGUA LLUVIA PARA CONSUMO
B17: INSUMOS
B19: No | C19: INSUMO | D19: UND | E19: CANTIDAD | F19: COTIZACION No. 1 | H19: COTIZACION No. 2 | J19: COTIZACION No. 3 | K19: VALOR FINAL
B20: 1 | C20: CODO 90° PRESION PVC 3" | D20: UND | E20: 1 | F20: CELTA | H20: PAVCO | J20: GERFOR | K20: =+ROUND(AVERAGE(F21:J21),0) -> 53801
F21: 53741 | H21: 53742 | J21: 53920
B22: =+B20+1 -> 2 | C22: TEE PVC DE 3"X90 | D22: UND | E22: 1 | F22: CELTA | H22: PAVCO | J22: GERFOR | K22: =+ROUND(AVERAGE(F23:J23),0) -> 69527
F23: 69514 | H23: 69517 | J23: 69550
B24: =+B22+1 -> 3 | C24: Tubería PVC presión de 3" rde 21 | D24: ML | E24: 1 | F24: CELTA | H24: PAVCO | J24: GERFOR | K24: =+ROUND(AVERAGE(F25:J25),0) -> 45759
F25: =ROUND(274886/6,0) -> 45814 | H25: =ROUND(274883/6,0) -> 45814 | J25: =ROUND(273900/6,0) -> 45650
B26: =+B24+1 -> 4 | C26: Limpiador removedor PVC 1/4 | D26: UND | E26: 1 | F26: CELTA | H26: PAVCO | J26: GERFOR | K26: =+ROUND(AVERAGE(F27:J27),0) -> 59877
F27: 59910 | H27: 59921 | J27: 59800
B28: =+B26+1 -> 5 | C28: Soldadura liquida para PVC 1/4 | D28: UND | E28: 1 | F28: CELTA | H28: PAVCO | J28: GERFOR | K28: =+ROUND(AVERAGE(F29:J29),0) -> 124243
F29: 124258 | H29: 124272 | J29: 124200
B30: =+B28+1 -> 6 | C30: LUBRICANTE TUB PVC/500GRS | D30: UND | E30: 1 | F30: CELTA | H30: PAVCO | J30: GERFOR | K30: =+ROUND(AVERAGE(F31:J31),0) -> 28140
F31: 28154 | H31: 28166 | J31: 28099
B32: =+B30+1 -> 7 | C32: Tubería PVC presión de 1" rde 21 | D32: ML | E32: 1 | F32: CELTA | H32: PAVCO | J32: GERFOR | K32: =+ROUND(AVERAGE(F33:J33),0) -> 5869
F33: =ROUND(35209/6,0) -> 5868 | H33: =ROUND(35224/6,0) -> 5871 | J33: =ROUND(35200/6,0) -> 5867
B34: =+B32+1 -> 8 | C34: Tubería PVC presión de 1/2" rde 9 | D34: ML | E34: 1 | F34: CELTA | H34: PAVCO | J34: GERFOR | K34: =+ROUND(AVERAGE(F35:J35),0) -> 4724
F35: =ROUND(28394/6,0) -> 4732 | H35: =ROUND(28389/6,0) -> 4732 | J35: =ROUND(28249/6,0) -> 4708
B36: =+B34+1 -> 9 | C36: Tubería PVC presión de 3/4" rde 21 | D36: ML | E36: 1 | F36: CELTA | H36: PAVCO | J36: GERFOR | K36: =+ROUND(AVERAGE(F37:J37),0) -> 4177
F37: =ROUND(25087/6,0) -> 4181 | H37: =ROUND(25101/6,0) -> 4184 | J37: =ROUND(24990/6,0) -> 4165
B38: =+B36+1 -> 10 | C38: Tubería PVC presión de 2" rde 21 | D38: ML | E38: 1 | F38: CELTA | H38: PAVCO | J38: GERFOR | K38: =+ROUND(AVERAGE(F39:J39),0) -> 21143
F39: =ROUND(127023/6,0) -> 21171 | H39: =ROUND(127035/6,0) -> 21173 | J39: =ROUND(126501/6,0) -> 21084
B40: =+B38+1 -> 11 | C40: Tubería PVC sanitaria de 4" | D40: ML | E40: 1 | F40: CELTA | H40: PAVCO | J40: GERFOR | K40: =+ROUND(AVERAGE(F41:J41),0) -> 31743
F41: =190590/6 -> 31765 | H41: =ROUND(190589/6,0) -> 31765 | J41: =190200/6 -> 31700
B42: =+B40+1 -> 12 | C42: CODO 90° PRESION PVC 2" | D42: UND | E42: 1 | F42: CELTA | H42: PAVCO | J42: GERFOR | K42: =+ROUND(AVERAGE(F43:J43),0) -> 14425
F43: 14424 | H43: 14420 | J43: 14430
B44: =+B42+1 -> 13 | C44: BUJE SOLDADO 3"X2" PVC | D44: UND | E44: 1 | F44: CELTA | H44: PAVCO | J44: GERFOR | K44: =+ROUND(AVERAGE(F45:J45),0) -> 24679
F45: 24668 | H45: 24670 | J45: 24700
B46: =+B44+1 -> 14 | C46: SEMICODO PVC SANITARIO 4" | D46: UND | E46: 1 | F46: CELTA | H46: PAVCO | J46: GERFOR | K46: =+ROUND(AVERAGE(F47:J47),0) -> 18140
F47: 18265 | H47: 18265 | J47: 17890
B48: =+B46+1 -> 15 | C48: YEE SANITARIO PVC 4"X4"X4" | D48: UND | E48: 1 | F48: CELTA | H48: PAVCO | J48: GERFOR | K48: =+ROUND(AVERAGE(F49:J49),0) -> 33012
F49: 33044 | H49: 33052 | J49: 32940
B50: =+B48+1 -> 16 | C50: YEE SANITARIO PVC 4"X2" | D50: UND | E50: 1 | F50: CELTA | H50: PAVCO | J50: GERFOR | K50: =+ROUND(AVERAGE(F51:J51),0) -> 28365
F51: 28372 | H51: 28372 | J51: 28351
B52: =+B50+1 -> 17 | C52: TUBERIA PVC PARA ALCANTARILLADO 8" | D52: UND | E52: 1 | F52: CELTA | H52: PAVCO | J52: GERFOR | K52: =+ROUND(AVERAGE(F53:J53),0) -> 48551
F53: 48659.66 | H53: 48658.83 | J53: 48333.33
B54: =+B52+1 -> 18 | C54: Tubería PVC sanitaria de 2" | D54: ML | E54: 1 | F54: CELTA | H54: PAVCO | J54: GERFOR | K54: =+ROUND(AVERAGE(F55:J55),0) -> 15119
F55: =ROUND(90715/6,0) -> 15119 | H55: =ROUND(90729/6,0) -> 15122 | J55: =ROUND(90699/6,0) -> 15117
B56: =+B54+1 -> 19 | C56: REDUCCION SANITARIA PVC 4X2 | D56: UND | E56: 1 | F56: CELTA | H56: PAVCO | J56: GERFOR | K56: =+ROUND(AVERAGE(F57:J57),0) -> 12058
F57: 12062 | H57: 12061 | J57: 12050
B58: =+B56+1 -> 20 | C58: ADAPTADOR SANITARIO LIMPIEZA 4" | D58: UND | E58: 1 | F58: CELTA | H58: PAVCO | J58: GERFOR | K58: =+ROUND(AVERAGE(F59:J59),0) -> 26891
F59: 26947 | H59: 26946 | J59: 26780
B60: =+B58+1 -> 21 | C60: CODO SANITARIO PVC 90° 4" | D60: UND | E60: 1 | F60: CELTA | H60: PAVCO | J60: GERFOR | K60: =+ROUND(AVERAGE(F61:J61),0) -> 16221
F61: 16239 | H61: 16235 | J61: 16190
B62: =+B60+1 -> 22 | C62: CODO SANITARIO PVC 90° 2" | D62: UND | E62: 1 | F62: CELTA | H62: PAVCO | J62: GERFOR | K62: =+ROUND(AVERAGE(F63:J63),0) -> 4033
F63: 4036 | H63: 4031 | J63: 4031
B64: =+B62+1 -> 23 | C64: CODO SANITARIO PVC 45° 2" | D64: UND | E64: 1 | F64: CELTA | H64: PAVCO | J64: GERFOR | K64: =+ROUND(AVERAGE(F65:J65),0) -> 4817
F65: 4827 | H65: 4825 | J65: 4800
B66: =+B64+1 -> 24 | C66: SIFON SANITARIO PVC 2" | D66: UND | E66: 1 | F66: CELTA | H66: PAVCO | J66: GERFOR | K66: =+ROUND(AVERAGE(F67:J67),0) -> 6676
F67: 6678 | H67: 6671 | J67: 6679
B68: =+B66+1 -> 25 | C68: REJILLA PISO SIFON ANTICUCARACHA DE 3"X2" | D68: UND | E68: 1 | F68: CELTA | H68: PAVCO | K68: =+ROUND(AVERAGE(F69:J69),0) -> 2776
F69: 3332 | H69: 2220
B70: =+B68+1 -> 26 | C70: TUBERIA PRESION EXTREMO LISO 1/2" | D70: ML | E70: 1 | F70: CELTA | H70: PAVCO | J70: GERFOR | K70: =+ROUND(AVERAGE(F71:J71),0) -> 4013
F71: 4020 | H71: 4019.33 | J71: 4000
B72: =+B70+1 -> 27 | C72: CODO 90° PRESION PVC 1/2" | D72: UND | E72: 1 | F72: CELTA | H72: PAVCO | J72: GERFOR | K72: =+ROUND(AVERAGE(F73:J73),0) -> 781
F73: 780 | H73: 784 | J73: 779
B74: =+B72+1 -> 28 | C74: CODO 90° PRESION PVC 3/4" | D74: UND | E74: 1 | F74: CELTA | H74: PAVCO | J74: GERFOR | K74: =+ROUND(AVERAGE(F75:J75),0) -> 1252
F75: 1250 | H75: 1255 | J75: 1250
B76: =+B74+1 -> 29 | C76: CODO 90° PRESION PVC 1" | D76: UND | E76: 1 | F76: CELTA | H76: PAVCO | J76: GERFOR | K76: =+ROUND(AVERAGE(F77:J77),0) -> 2452
F77: 2453 | H77: 2454 | J77: 2450
B78: =+B76+1 -> 30 | C78: TEE PRESION PVC 1/2" | D78: UND | E78: 1 | F78: CELTA | H78: PAVCO | J78: GERFOR | K78: =+ROUND(AVERAGE(F79:J79),0) -> 875
F79: 878 | H79: 878 | J79: 870
B80: =+B78+1 -> 31 | C80: ADAPTADOR HEMBRA PVC PRESION 1/2" | D80: UND | E80: 1 | F80: CELTA | H80: PAVCO | J80: GERFOR | K80: =+ROUND(AVERAGE(F81:J81),0) -> 514
F81: 514 | H81: 518 | J81: 510
B82: =+B80+1 -> 32 | C82: ADAPTADOR MACHO PVC PRESION 1/2" | D82: UND | E82: 1 | F82: CELTA | H82: PAVCO | J82: GERFOR | K82: =+ROUND(AVERAGE(F83:J83),0) -> 455
F83: 456 | H83: 458 | J83: 450
B84: =+B82+1 -> 33 | C84: TAPON ROSCADO PVC 1/2" | D84: UND | E84: 1 | F84: CELTA | H84: PAVCO | J84: GERFOR | K84: =+ROUND(AVERAGE(F85:J85),0) -> 519
F85: 518 | H85: 520 | J85: 520
B86: =+B84+1 -> 34 | C86: CODO REVENTILADO PVC 4"X2" | D86: UND | E86: 1 | F86: CELTA | H86: PAVCO | J86: GERFOR | K86: =+ROUND(AVERAGE(F87:J87),0) -> 38173
F87: 38200 | H87: 38199 | J87: 38120
B88: =+B86+1 -> 35 | C88: MANGUERA FLEXIBLE | D88: UND | E88: 1 | F88: CELTA | H88: PAVCO | J88: GERFOR | K88: =+ROUND(AVERAGE(F89:J89),0) -> 2685
F89: 3130 | H89: 2240
B90: =+B88+1 -> 36 | C90: Tubería PVC sanitaria de 3" | D90: ML | E90: 1 | F90: CELTA | H90: PAVCO | J90: GERFOR | K90: =+ROUND(AVERAGE(F91:J91),0) -> 22586
F91: =ROUND(135519/6,0) -> 22587 | H91: =ROUND(135516/6,0) -> 22586 | J91: =ROUND(135501/6,0) -> 22584
B92: =+B90+1 -> 37 | C92: CODO SAN PVC 3 x45ø CxC | D92: UND | E92: 1 | F92: CELTA | H92: PAVCO | J92: GERFOR | K92: =+ROUND(AVERAGE(F93:J93),0) -> 10364
F93: 10373 | H93: 10371 | J93: 10349
B94: =+B92+1 -> 38 | C94: UNION SANITARIA PVC 4" | D94: UND | E94: 1 | F94: CELTA | H94: PAVCO | J94: GERFOR | K94: =+ROUND(AVERAGE(F95:J95),0) -> 9402
F95: 9458 | H95: 9459 | J95: 9290
B96: =+B94+1 -> 39 | C96: TUBERIA PRESION UNION MECANICA 2'' RDE 21 | D96: ML | E96: 1 | F96: CELTA | H96: PAVCO | J96: GERFOR | K96: =+ROUND(AVERAGE(F97:J97),0) -> 16241
F97: =ROUND(97439/6,0) -> 16240 | H97: =ROUND(97454/6,0) -> 16242 | J97: =ROUND(97450/6,0) -> 16242
B98: =+B96+1 -> 40 | C98: TUBERIA PRESION UNION MECANICA 6" RDE 21 | D98: ML | E98: 1 | F98: CELTA | H98: PAVCO | J98: GERFOR | K98: =+ROUND(AVERAGE(F99:J99),0) -> 110306
F99: =ROUND(662002/6,0) -> 110334 | H99: =ROUND(661999/6,0) -> 110333 | J99: =ROUND(661500/6,0) -> 110250
B100: =+B98+1 -> 41 | C100: TUBERIA PRESION UNION MECANICA 4" RDE 21 | D100: ML | E100: 1 | F100: CELTA | H100: PAVCO | J100: GERFOR | K100: =+ROUND(AVERAGE(F101:J101),0) -> 53703
F101: =ROUND(322233/6,0) -> 53706 | H101: =ROUND(322220/6,0) -> 53703 | J101: =ROUND(322200/6,0) -> 53700
B102: =+B100+1 -> 42 | C102: TUBERIA PRESION UNION MECANICA 3'' RDE 21 | D102: ML | E102: 1 | F102: CELTA | H102: PAVCO | J102: GERFOR | K102: =+ROUND(AVERAGE(F103:J103),0) -> 40605
F103: =ROUND(243941/6,0) -> 40657 | H103: =ROUND(243950/6,0) -> 40658 | J103: =ROUND(243000/6,0) -> 40500
B104: =+B102+1 -> 43 | C104: GRAN CODO PRESION PVC 90°X6" | D104: UND | E104: 1 | F104: GERFOR | H104: PAVCO | K104: =+ROUND(AVERAGE(F105:J105),0) -> 252957
F105: 259000 | H105: 246913
B106: =+B104+1 -> 44 | C106: GRAN CODO PRESION PVC 45°X6" | D106: UND | E106: 1 | F106: GERFOR | H106: PAVCO | K106: =+ROUND(AVERAGE(F107:J107),0) -> 215158
F107: 216000 | H107: 214316
B108: =+B106+1 -> 45 | C108: GRAN CODO PRESION PVC 22.5°X6" | D108: UND | E108: 1 | F108: GERFOR | H108: PAVCO | K108: =+ROUND(AVERAGE(F109:J109),0) -> 220511
F109: 220000 | H109: 221021
B110: =+B108+1 -> 46 | C110: TEE PRESION RDE 21 4X4X3" | D110: UND | E110: 1 | F110: GERFOR | H110: PAVCO | K110: =+ROUND(AVERAGE(F111:J111),0) -> 152422
F111: 152000 | H111: 152844
...
